 Dungeon Crawl Stone Soup version 0.28-a0-697-g47f3eba078 (webtiles) character file.

Game seed: 16823254047390124602

1684 jasper the Ruffian (level 8, -2/60 HPs)
             Began as a Demonspawn Artificer on Oct 23, 2021.
             Was a Believer of Uskayaw.
             Splashed by a jelly's acid (9 damage)
             ... on level 7 of the Dungeon.
             The game lasted 00:09:27 (5401 turns).

jasper the Ruffian (Demonspawn Artificer)           Turns: 5401, Time: 00:09:27

Health: -2/60      AC: 11    Str: 14    XL:     8   Next: 71%
Magic:  0/11       EV: 10    Int: 14    God:    Uskayaw [**....]
Gold:   209        SH:  0    Dex: 13    Spells: 7/7 levels left

rFire   . . .      SeeInvis .   q - +1 lajatang
rCold   . . .      Faith    .   (shield currently unavailable)
rNeg    . . .      Spirit   +   l - +1 scale mail
rPois   .          Reflect  .   (helmet restricted)
rElec   .          Harm     .   n - +1 cloak
rCorr   .          Rampage  .   (no gloves)
Will    .....      Rnd*Tele +   k - +0 pair of boots
Stlth   ..........              (no amulet)
HPRegen 0.20/turn               (no ring)
MPRegen 0.24/turn               (no ring)

@: no status effects
A: hooves 2, powered by death 1, magic shield, magic regeneration, beak,
teleportitis 1, subdued magic 1
a: Renounce Religion, Stomp, Line Pass


You were on level 7 of the Dungeon.
You worshipped Uskayaw.
Uskayaw was noncommittal.
You visited 1 branch of the dungeon, and saw 7 of its levels.

You collected 254 gold pieces.
You spent 45 gold pieces at shops.

Inventory:

Hand Weapons
 a - a +0 club
 i - a +0 whip
 m - a +0 hand axe
 q - a +1 lajatang (weapon)
Missiles
 g - 79 arrows
 h - 82 stones (quivered)
Armour
 b - a +0 leather armour
 j - a +0 ring mail
 k - a +0 pair of boots (worn)
 l - a +1 scale mail (worn)
 n - a +1 cloak (worn)
 v - a +0 leather armour of poison resistance
Wands
 c - a wand of flame (14)
 d - a wand of charming (7)
Scrolls
 p - a scroll of identify
 t - a scroll of teleportation
 w - a scroll of enchant weapon
Potions
 f - a potion of curing
 o - a potion of flight
 s - a potion of resistance
Miscellaneous
 e - a piece from Xom's chessboard (15/15)


   Skills:
 + Level 4.1 Fighting
 - Level 1.7 Staves
 + Level 4.1 Armour
 + Level 3.7 Dodging
 - Level 0.8 Stealth
 * Level 6.0 Unarmed Combat
 + Level 4.0 Invocations
 + Level 4.3 Evocations


You had 7 spell levels left.
You didn't know any spells.
Your spell library contained the following spells:

 Spells                   Type           Power      Damage    Failure   Level
 Ozocubu's Armour         Ice            0%         N/A       97%         3
 Ozocubu's Refrigeration  Ice            0%         4d5       100%        7


Dungeon Overview and Level Annotations

Branches:
Dungeon (7/15)
 Temple: D:4-7

Altars:
Uskayaw
Xom

Shops:
D:4 [

Annotations:
D:6 Prince Ribbit


Innate Abilities, Weirdness & Mutations

You have hoof-like feet.
You regenerate a little health from kills.
When hurt, damage is shared between your health and your magic reserves.
You regenerate magic rapidly.
You have a beak for a mouth.
You are occasionally teleported next to monsters.
Your spells are a little easier to cast, but a little less powerful.


Message History

The hornet zombie is lightly damaged.
The jelly hits you but does no damage.
An orc comes into view. It is wielding a +0 flail.
The hornet zombie misses you. The jelly hits you.
You are splashed with acid.
You take 6 damage, and have 34/60 hp.
You now have 8/11 mp.
The orc shouts!
You slash the hornet zombie! You peck the hornet zombie.
The hornet zombie is heavily damaged.
The hornet zombie hits you. The jelly hits you but does no damage.
The hornet zombie hits you.
You take 9 damage, and have 25/60 hp.
You now have 5/11 mp.
You hit the hornet zombie. Your peck misses the hornet zombie.
The hornet zombie is heavily damaged.
The hornet zombie hits you but does no damage.
The jelly hits you.
You are splashed with acid!
* * * LOW HITPOINT WARNING * * *
The hornet zombie hits you.
* * * LOW HITPOINT WARNING * * *
You take 10 damage, and have 15/60 hp.
You now have 2/11 mp.
You feel better. The jelly misses you.
The hornet zombie completely misses you.
You regained 9 hp, and now have 24/60 hp.
Aiming: Charm
Press: ? - help, Shift-Dir - straight line, f - jelly
Aim: a jelly (chance to affect: 67%)
The jelly struggles to resist.
The jelly hits you but does no damage. The hornet zombie hits you.
You take 5 damage, and have 19/60 hp.
You slash the hornet zombie!
The hornet zombie is almost destroyed.
The hornet zombie barely misses you. The jelly hits you.
* * * LOW HITPOINT WARNING * * *
You are splashed with acid!
* * * LOW HITPOINT WARNING * * *
The hornet zombie hits you.
* * * LOW HITPOINT WARNING * * *
The jelly hits you.
* * * LOW HITPOINT WARNING * * *
You are splashed with acid!
You die...

#######
##.....######
#....8.....^#
#...........#
#....>......######
#....!....o{J@Z..#
#.#8...8...l####.#
#)##........# #
#...........#
###.....#####
#.!..$# #.....#
#....... #.###.###


You could see an iguana, a jelly, an orc and a hornet zombie.

Vanquished Creatures
  A two-headed ogre (D:5)
  A water moccasin (D:6)
  2 ogres (D:4)
  A centaur (D:5)
  A bullfrog (D:7)
  3 scorpions
  A wyvern skeleton (D:5)
  A water moccasin skeleton (D:4)
  A howler monkey (D:4)
  A jelly (D:4)
  2 orc priests
  A bullfrog skeleton (D:5)
  An iguana (D:4)
  4 adders
  5 gnolls
  An ufetubus (D:5)
  2 adder skeletons
  A worm (D:2)
  4 dart slugs
  11 orcs
  7 ball pythons
  3 bats
  7 endoplasms
  6 giant cockroaches
  7 goblins
  7 hobgoblins
  5 quokkas
  6 frilled lizards
  5 kobolds
  10 rats
108 creatures vanquished.

Vanquished Creatures (collateral kills)
  An adder (D:2)
  2 gnolls (D:2)
  A quokka (D:2)
4 creatures vanquished.

Vanquished Creatures (others)
  A gnoll (D:2)
  A hobgoblin (D:2)
2 creatures vanquished.

Grand Total: 114 creatures vanquished

Notes
Turn   | Place    | Note
-------+----------+-------------------------------------------
     0 | D:1      | jasper the Demonspawn Artificer began the quest for the
                  | Orb.
     0 | D:1      | Reached XP level 1. HP: 15/15 MP: 1/1
   103 | D:1      | Reached skill level 1 in Dodging
   298 | D:1      | Gained mutation: You regenerate magic rapidly. [demonic
                  | ancestry]
   298 | D:1      | Reached XP level 2. HP: 19/21 MP: 2/2
  1066 | D:1      | Gained mutation: You regenerate a little health from kills.
                  | [demonic ancestry]
  1066 | D:1      | Reached XP level 3. HP: 27/27 MP: 3/3
  1079 | D:1      | Found a faded altar of an unknown god.
  1085 | D:1      | Prayed at the altar of an unknown god.
  1085 | D:1      | Became a worshipper of Xom of Chaos
  1255 | D:1      | XOM: silly message
  1464 | D:1      | XOM: silly message
  1502 | D:1      | XOM: silly message
  1580 | D:2      | XOM: potion effect (invisibility)
  1604 | D:2      | Reached XP level 4. HP: 34/34 MP: 4/4
  1676 | D:2      | XOM: divination: detect items
  1695 | D:2      | XOM: divination: magic mapping
  1759 | D:2      | Found a hide-covered altar of Uskayaw.
  1776 | D:2      | Fell from the grace of Xom
  1776 | D:2      | Became a worshipper of Uskayaw the Reveller
  1918 | D:2      | Reached * piety under Uskayaw
  2592 | D:3      | Reached ** piety under Uskayaw
  2593 | D:3      | Reached skill level 1 in Staves
  2607 | D:3      | Discovered your monstrous ancestry.
  2607 | D:3      | Gained mutation: You have large cloven feet. [demonic
                  | ancestry]
  2607 | D:3      | Reached XP level 5. HP: 37/39 MP: 5/5
  2611 | D:3      | Reached *** piety under Uskayaw
  2789 | D:3      | Reached skill level 1 in Unarmed Combat
  2894 | D:3      | Reached skill level 2 in Unarmed Combat
  3125 | D:3      | XOM: draining
  3173 | D:3      | XOM: summons 4 hostile demons
  3236 | D:3      | XOM: scenery: create altars
  3389 | D:4      | Gained mutation: When hurt, damage is shared between your
                  | health and your magic reserves. [demonic ancestry]
  3389 | D:4      | Reached XP level 6. HP: 19/44 MP: 6/6
  3612 | D:4      | Found Nuthyadoe's Armour Shop.
  3632 | D:4      | Reached skill level 3 in Unarmed Combat
  3633 | D:4      | Bought a +0 pair of boots for 45 gold pieces
  3687 | D:4      | XOM: 3-stop teleportation journey
  3792 | D:4      | Reached skill level 4 in Unarmed Combat
  4015 | D:4      | Noticed a +0 dagger
  4017 | D:4      | Noticed a +0 short sword
  4017 | D:4      | Noticed a +0 spear
  4018 | D:4      | Noticed a +0 spear
  4020 | D:4      | Noticed a +0 dagger
  4020 | D:4      | Noticed a +0 short sword
  4020 | D:4      | Noticed a +0 falchion
  4020 | D:4      | Noticed a +0 falchion
  4032 | D:4      | Reached skill level 1 in Invocations
  4032 | D:4      | Gained mutation: You have hoof-like feet. [demonic
                  | ancestry]
  4032 | D:4      | Reached XP level 7. HP: 51/51 MP: 7/7
  4046 | D:4      | Found a hide-covered altar of Uskayaw.
  4255 | D:4      | Identified the +9 falchion "Ofebiwk" {speed, Dex+2}
  4389 | D:5      | Entered Level 5 of the Dungeon
  4554 | D:5      | Noticed a two-headed ogre
  4578 | D:5      | Reached skill level 5 in Unarmed Combat
  4580 | D:5      | Killed a two-headed ogre
  4581 | D:5      | Reached XP level 8. HP: 24/60 MP: 3/10
  4818 | D:4      | XOM: give mutations
  4818 | D:4      | Gained mutation: Your spells are a little easier to cast,
                  | but a little less powerful. [Xom's mischief]
  4818 | D:4      | Gained mutation: Your mind is acute. (Int +2) [Xom's
                  | mischief]
  4941 | D:4      | XOM: give mutations
  4941 | D:4      | Gained mutation: You are clumsy. (Dex -2) [Xom's mischief]
  4941 | D:4      | Gained mutation: You are partially covered in iridescent
                  | scales. (AC +2) [Xom's mischief]
  4941 | D:4      | Gained mutation: You are occasionally teleported next to
                  | monsters. [Xom's mischief]
  5009 | D:4      | Lost mutation: Your mind is acute. (Int +2) [potion of
                  | mutation]
  5009 | D:4      | Lost mutation: You are partially covered in iridescent
                  | scales. (AC +2) [potion of mutation]
  5009 | D:4      | Lost mutation: Your spells are a little easier to cast, but
                  | a little less powerful. [potion of mutation]
  5009 | D:4      | Lost mutation: You are clumsy. (Dex -2) [potion of
                  | mutation]
  5009 | D:4      | Gained mutation: Your spells are a little easier to cast,
                  | but a little less powerful. [potion of mutation]
  5009 | D:4      | Gained mutation: You have a beak for a mouth. [potion of
                  | mutation]
  5246 | D:6      | Noticed Prince Ribbit
  5262 | D:6      | Reached skill level 6 in Unarmed Combat
  5361 | D:7      | XOM: 1-stop teleportation journey
  5394 | D:7      | XOM: blink monster(s)
  5401 | D:7      | Splashed by a jelly's acid

Illustrated notes

Levels and vault maps discovered:
D:1:      dpeg_arrival_round_c, layout_basic,
          dreamdust_ecumenical_altar_angels_and_demons
D:2:      layout_basic, basic_altar
D:3:      layout_loops_ring, st_stairs_7
D:4:      layout_loops_ring, nicolae_uskayaw_en_pointe, kennysheep_windowed_goal
D:5:      cheibrodos_fzero, layout_basic, hangedman_decor_points, minmay_holes
D:6:      layout_rooms, mainiacjoe_overflow_brackets,
          mainiacjoe_overflow_alcove_1, minmay_temple_entry_statues_pillars,
          chequers_serial_rivers_small_3, abandoned_shop, uniq_prince_ribbit1
D:7:      layout_basic, grunt_ministairs_1

Skill      XL: |  1  2  3  4  5  6  7  8 |
---------------+-------------------------+-----
Dodging        | 1 2 3 |  3.7
Armour         | 2 3 4 |  4.1
Fighting       | 2 3 4 |  4.1
Staves         | 1 |  1.7
Unarmed Combat | 2 4 5 6 |  6.0
Invocations    | 1 3 4 |  4.0
Evocations     | 4 |  4.3
Stealth        | |  0.8

Action                   |  1- 3 |  4- 6 |  7- 9 || total
-------------------------+-------+-------+-------++-------
Melee: Club              |    12 |       |       ||    12
       Whip              |   100 |    50 |       ||   150
       Lajatang          |       |   153 |    88 ||   241
       Kick              |       |    18 |       ||    18
       Peck              |       |       |     8 ||     8
Throw: Stone             |    32 |    27 |     1 ||    60
Invok: Stomp             |       |       |     1 ||     1
Evoke: Wand              |    10 |     9 |    14 ||    33
       Piece from Xom's  |     1 |       |       ||     1
  Use: Scroll            |     1 |     5 |     1 ||     7
       Potion            |       |       |     3 ||     3
 Stab: Invisible         |     2 |       |       ||     2
       Paralysed         |       |       |     2 ||     2
Armor: Leather armour    |     6 |       |       ||     6
       Ring mail         |    19 |       |       ||    19
       Scale mail        |    17 |    84 |    78 ||   179
Dodge: Dodged            |    54 |    96 |    84 ||   234

Table legend: (Time is in decaauts)
 A = Elapsed time spent in this place.
 B = Non-inter-level travel time spent in this place.
 C = Inter-level travel time spent in this place.
 D = Time resting spent in this place.
 E = Time spent auto-exploring this place.
 F = Levels seen in this place.
 G = Mean time per level.
                   A        B        C        D        E       F      G
               +--------+--------+--------+--------+--------+-----+--------+
         Total |   5507 |   5314 |    193 |   1028 |   3070 |   7 |  786.7 |
       Dungeon |   5507 |   5314 |    193 |   1028 |   3070 |   7 |  786.7 |
               +--------+--------+--------+--------+--------+-----+--------+

Top non-repeatable levels by time:
     D:1: 1597 daAuts
     D:4: 1543 daAuts
     D:2: 908 daAuts
     D:3: 862 daAuts
     D:6: 265 daAuts
     D:5: 201 daAuts
     D:7: 129 daAuts
